 Dungeon Crawl Stone Soup version 0.23.1 (webtiles) character file.

Game seed: 15668242821819943201

172 LostNumber the Sneak (level 5, -5/24 HPs)
             Began as a Spriggan Enchanter on Mar 3, 2019.
             Killed by divine providence
             ... invoked by an orc priest
              (14 damage)
             ... on level 2 of the Dungeon.
             The game lasted 00:08:57 (3868 turns).

LostNumber the Sneak (Spriggan Enchanter)           Turns: 3868, Time: 00:08:57

Health: -5/24      AC:  3    Str:  5    XL:     5   Next: 27%
Magic:  1/10       EV: 24    Int: 16    God:
Gold:   30         SH:  0    Dex: 22    Spells: 3/9 levels left

rFire    . . .     SeeInvis +   a - +1 dagger
rCold    . . .     Gourm    .   (shield restricted)
rNeg     . . .     Faith    .   b - +0 robe
rPois    .         Spirit   .   (helmet restricted)
rElec    .         Reflect  .   m - +0 cloak
rCorr    .         Harm     .   (gloves unavailable)
MR       .....                  (boots unavailable)
Stlth    +++++.....             (no amulet)
HPRegen  0.08/turn              (no ring)
MPRegen  0.12/turn              (no ring)

@: agile, very slightly contaminated, very quick
A: very small, unfitting armour, see invisible, herbivore, speed 3, slow
metabolism 2
a: no special abilities


You were on level 2 of the Dungeon.
You were hungry.

You visited 1 branch of the dungeon, and saw 3 of its levels.

You collected 30 gold pieces.

Inventory:

Hand Weapons
 a - a +1 dagger (weapon)
 n - a +0 dagger of holy wrath
   (You took it off a kobold on level 2 of the Dungeon)
Missiles
 l - a throwing net (quivered) {!f}
Armour
 b - a +0 robe (worn)
 m - a +0 cloak (worn)
   (You found it on level 2 of the Dungeon)
Jewellery
 j - an uncursed ring of protection from cold {unknown}
   (You found it on level 2 of the Dungeon)
 o - a +2 amulet of reflection {unknown}
   (You found it on level 2 of the Dungeon)
Wands
 v - a wand of digging (6)
   (You took it off Crazy Yiuf on level 2 of the Dungeon)
Scrolls
 c - 2 scrolls of enchant armour {unknown}
 d - 3 scrolls of identify {unknown}
 f - 2 scrolls of immolation {unknown}
Potions
 g - 2 potions of lignification {unknown}
 h - 2 potions of might {unknown}
 i - a potion of ambrosia {unknown}
Comestibles
 e - 5 rations {!d}


   Skills:
 + Level 4.0 Short Blades
 - Level 3.0 Dodging
 + Level 7.3 Stealth
 - Level 2.6 Spellcasting
 - Level 3.6 Hexes


You had 3 spell levels left.
You knew the following spells:

 Your Spells              Type           Power        Failure   Level  Hunger
a - Corona                Hex            ##.....      4%          1    #......
c - Confuse               Hex            ##......     13%         3    ###....
x - Ensorcelled Hibernat  Hex/Ice        #.....       14%         2    ##.....

Your spell library contained the following spells:

 Spells                   Type           Power        Failure   Level  Hunger
 Tukima's Dance           Hex            ##......     13%         3    ###....
 Dazzling Spray           Conj/Hex       #.....       28%         3    ###....


Dungeon Overview and Level Annotations

Branches:
Dungeon (3/15)

Altars:
Fedhas
Trog


Innate Abilities, Weirdness & Mutations

You are very small and have problems with some larger weapons.
You are too small for most types of armour.
You have supernaturally acute eyesight. (SInv)
You are a herbivore.
You cover ground extremely quickly.
You need to consume almost no food.


Message History

a +0 flail; a +0 falchion; an orc skeleton
There are monsters nearby!
Aim: an orc priest (chance to defeat MR: 38%)
Okay, then. (m)acro, (M)acro raw, keymap [(k) default, (x) level-map, (t)argeting, (c)onfirm, m(e)nu], (s)ave?
Input macro trigger key: 3 Current Action: zx Do you wish to (r)edefine, (c)lear, or (a)bort?
Input macro action: zc Created macro '3' => 'zc'.
Okay, then.
Unknown command.
Aim: an orc priest (chance to defeat MR: 44%)
The orc priest resists with some effort.
Aim: an orc priest (chance to defeat MR: 44%)
You miscast Confuse.
You are very lightly contaminated with residual magic.
Nothing appears to happen.
You are feeling hungry.
The orc priest calls down the wrath of Beogh upon you.
Pain shoots through your body!
Ouch! That really hurt!
* * * LOW HITPOINT WARNING * * *
A kobold comes into view.
Aim: an orc priest (chance to defeat MR: 38%)
The orc priest resists with some effort.
There is a stone staircase leading up, spattered with blood here.
The orc priest completely misses you.
You climb upwards.
There is a stone staircase leading down here.
You feel agile all of a sudden. The orc priest barely misses you.
Unknown command.
You hit the orc priest. The orc priest completely misses you.
You barely miss the orc priest.
You hit the orc priest but do no damage.
The orc priest hits you.
* * * LOW HITPOINT WARNING * * *
You hit the orc priest but do no damage.
The orc priest hits you.
* * * LOW HITPOINT WARNING * * *
You hit the orc priest.
The orc priest invokes the aid of Beogh against you.
You resist with significant effort.
Unknown command.
You hit the orc priest but do no damage.
The orc priest calls down the wrath of Beogh upon you.
Beogh smites you!
Ouch! That really hurt!
You die...

#.########≈≈≈≈≈♣≈≈♣≈≈≈≈PP≈P≈≈≈♣♣♣
#.# #.♣♣♣P♣♣≈≈≈≈≈♣≈≈≈♣≈♣♣≈♣ #
#.### #.##.P♣≈≈≈♣≈♣P♣♣≈≈♣≈P≈###
....# #.##.(###♣≈P≈≈P♣♣♣..)....
....# #.##.## ###.### ###.####
....# #.##.# #.# #[#
<...#####.##.# #.# #.#
.....##....#.#######.# #.#
#.##.##.._.#...o@†...# #.#
#.##.##....########### #.#
#.##.##.#.## #.# #.##.##...# #.#
#.##.####.# #.# #....# #.# #.#
#.#### #.### #.# #.# #...# #.####
#.# ###.# #.....


You could see an orc priest.

Vanquished Creatures
  Crazy Yiuf (D:2)
  An orc priest (D:3)
  5 gnolls
  3 oozes
  A dart slug (D:1)
  2 leopard geckos (D:1)
  5 orcs
  A giant cockroach (D:1)
  6 goblins
  10 hobgoblins
  3 kobolds
  A quokka (D:2)
  2 bats (D:1)
  2 frilled lizards (D:1)
  7 rats (D:1)
50 creatures vanquished.

Notes
Turn   | Place    | Note
-------+----------+-------------------------------------------
     0 | D:1      | LostNumber the Spriggan Enchanter began the quest for the
                  | Orb.
     0 | D:1      | Reached XP level 1. HP: 9/9 MP: 5/5
   644 | D:1      | Reached XP level 2. HP: 13/13 MP: 4/6
   648 | D:1      | Learned a level 2 spell: Ensorcelled Hibernation
   658 | D:1      | Reached skill level 5 in Stealth
  1061 | D:1      | Reached XP level 3. HP: 16/16 MP: 4/8
  1683 | D:2      | Found a blossoming altar of Fedhas.
  2115 | D:2      | Reached skill level 6 in Stealth
  2333 | D:2      | Reached XP level 4. HP: 21/21 MP: 4/9
  2561 | D:2      | Learned a level 3 spell: Confuse
  2694 | D:2      | Found a bloodstained altar of Trog.
  3041 | D:2      | Found a faded altar of an unknown god.
  3082 | D:2      | Found a runed translucent door.
  3083 | D:2      | Noticed Crazy Yiuf
  3292 | D:2      | Killed Crazy Yiuf
  3292 | D:2      | Reached skill level 7 in Stealth
  3474 | D:3      | Reached XP level 5. HP: 10/24 MP: 0/10
  3868 | D:2      | Killed from afar by an orc priest

Skill      XL: |  1  2  3  4 |
---------------+-------------+-----
Stealth        | 5 6 7 |  7.3
Short Blades   | 2 3 4 |  4.0
Dodging        | |  3.0
Spellcasting   | |  2.6
Hexes          | |  3.6

Action                   |  1- 3 |  4- 6 || total
-------------------------+-------+-------++-------
Melee: Dagger            |    87 |    84 ||   171
 Cast: Corona            |     7 |     3 ||    10
       Ensorcelled Hiber |    25 |    16 ||    41
       Confuse           |       |     5 ||     5
  Use: Potion            |       |     1 ||     1
 Stab: Sleeping          |    22 |     5 ||    27
       Confused          |       |     4 ||     4
  Eat: Ration            |       |     2 ||     2
Armor: Robe              |     9 |     2 ||    11
Dodge: Dodged            |    56 |    58 ||   114
